 Dungeon Crawl Stone Soup version 0.27.1 (webtiles) character file.

Game seed: 11584671123890174032

35 chaosape the Sneak (level 3, -9/31 HPs)
             Began as a Gnoll Wanderer on Aug 23, 2021.
             Was a Follower of Jiyva.
             Killed by divine providence
             ... invoked by an orc priest
              (17 damage)
             ... on level 3 of the Dungeon.
             The game lasted 00:14:43 (1827 turns).

chaosape the Sneak (Gnoll Wanderer)                 Turns: 1827, Time: 00:14:43

Health: -9/31      AC:  7    Str: 11    XL:     3   Next: 35%
Magic:  4/4        EV: 13    Int: 10    God:    Jiyva [*.....]
Gold:   38         SH:  0    Dex: 13    Spells: 3/3 levels left

rFire    . . .     SeeInvis .   a - +2 spear
rCold    . . .     Faith    .   (no shield)
rNeg     . . .     Spirit   .   v - +0 scale mail
rPois    .         Reflect  .   (no helmet)
rElec    .         Harm     .   (no cloak)
rCorr    +         Rampage  .   h - +0 pair of gloves
Will     .....                  (no boots)
Stlth    ++........             (no amulet)
HPRegen  0.10/turn              k - +4 ring of evasion
MPRegen  0.09/turn              j - ring of resist corrosion

@: about to teleport
A: fangs 1, strong nose, distributed training
a: Renounce Religion, Request Jelly


You were on level 3 of the Dungeon.
You worshipped Jiyva.
Jiyva was aware of your devotion.
You visited 1 branch of the dungeon, and saw 3 of its levels.

You collected 38 gold pieces.

Inventory:

Hand Weapons
 a - a +2 spear (weapon)
 b - a +0 quarterstaff
 e - a +0 dagger
 f - a +0 dagger
 i - a +0 whip
 m - a +0 spear
 o - a +0 whip
 q - a +0 dagger
 s - a +0 whip
 w - a +0 flail
 x - a +0 whip
Missiles
 l - 24 arrows
 t - 13 poisoned darts (quivered)
Armour
 d - a +0 robe
 g - a +0 leather armour
 h - a +0 pair of gloves (worn)
 v - a +0 scale mail (worn)
Jewellery
 j - a ring of resist corrosion (right hand)
 k - a +4 ring of evasion (left hand)
Scrolls
 p - a scroll of immolation
Potions
 c - a potion of lignification
 r - a potion of heal wounds {unknown}


   Skills:
 + Level 4.5 Fighting
 + Level 2.6 Short Blades
 + Level 0.7 Long Blades
 + Level 0.7 Axes
 + Level 0.7 Maces & Flails
 + Level 2.6 Polearms
 + Level 0.7 Staves
 + Level 0.7 Slings
 + Level 0.7 Bows
 + Level 0.7 Crossbows
 + Level 0.7 Throwing
 + Level 0.7 Armour
 + Level 2.6 Dodging
 + Level 6.0 Stealth
 + Level 0.7 Shields
 + Level 0.7 Unarmed Combat
 + Level 0.7 Spellcasting
 + Level 0.5 Conjurations
 + Level 0.5 Hexes
 + Level 0.5 Summonings
 + Level 0.5 Necromancy
 + Level 0.5 Translocations
 + Level 0.5 Transmutations
 + Level 0.5 Fire Magic
 + Level 0.5 Ice Magic
 + Level 0.5 Air Magic
 + Level 0.5 Earth Magic
 + Level 0.5 Poison Magic
 + Level 0.9 Invocations
 + Level 4.5 Evocations


You had 3 spell levels left.
You didn't know any spells.
Your spell library was empty.

Dungeon Overview and Level Annotations

Branches:
Dungeon (2/15)

Altars:
Jiyva


Innate Abilities, Weirdness & Mutations

You have very sharp teeth.
Your uncanny sense of smell can sniff out nearby items.
Your experience applies equally to all skills.


Message History

You barely miss the orc priest.
The orc priest is moderately wounded.
The orc priest calls down the wrath of Beogh upon you.
Pain shoots through your body!
You closely miss the orc priest.
The orc priest is heavily wounded.
The orc hits you but does no damage. The orc priest misses you.
You closely miss the orc priest.
The orc priest is severely wounded.
The orc closely misses you.
The orc priest invokes the aid of Beogh against you.
Pain shoots through your body!
You hit the orc priest but do no damage.
You bite the orc priest, but do no damage.
The orc priest is severely wounded.
The orc barely misses you. The orc priest completely misses you.
You hit the orc priest.
The orc priest is severely wounded.
The orc barely misses you.
The orc priest calls down the wrath of Beogh upon you.
Beogh smites you!
You hit the orc priest.
You bite the orc priest, but do no damage.
The orc priest is severely wounded.
The orc misses you.
You barely miss the orc priest.
The orc priest is almost dead.
The orc priest hits you with a +0 flail.
* * * LOW HITPOINT WARNING * * *
The orc barely misses you.
It was a potion of curing.
You feel better.
The orc priest hits you with a +0 flail.
* * * LOW HITPOINT WARNING * * *
The orc barely misses you.
As you read the scroll labelled ULUPLEGIRENT, it crumbles to dust.
You feel strangely unstable.
It was a scroll of teleportation.
The orc priest mumbles some strange prayers to Beogh against you.
Beogh smites you!
Ouch! That really hurt!
You die...

## .. .### ...
.(# ∆ (.#
########o.#
#......@o.#
#.####♣♣.♣♣ #.#
.P♣ #.####♣ .♣♣
##########.....♣
.♣
#..........####♣
.♣ #..........#
.. #.#######..#
#. #...........#


You could see an orc priest (poisoned) and an orc.

Vanquished Creatures
  2 dart slugs
  2 orcs (D:3)
  3 bats (D:1)
  An endoplasm (D:1)
  4 goblins
  3 hobgoblins
  2 jackals (D:1)
  2 quokkas
  2 ball pythons (D:2)
  4 frilled lizards (D:1)
  A kobold (D:1)
  3 rats
29 creatures vanquished.

Vanquished Creatures (others)
  2 adders (D:2)
  An endoplasm (D:2)
  A giant cockroach (D:2)
  3 goblins
  A hobgoblin (D:1)
  A kobold (D:1)
  A rat (D:2)
  6 plants (D:3)
16 creatures vanquished.

Grand Total: 45 creatures vanquished

Notes
Turn   | Place    | Note
-------+----------+-------------------------------------------
     0 | D:1      | chaosape the Gnoll Wanderer began the quest for the Orb.
     0 | D:1      | chaosape set off with the following items: a +2 spear, a +0
                  | quarterstaff, a potion of lignification, a +0 robe, a +0
                  | dagger
     0 | D:1      | Reached XP level 1. HP: 20/20 MP: 1/1
   454 | D:1      | Found a faded altar of an unknown god.
   468 | D:1      | Reached XP level 2. HP: 26/26 MP: 2/2
   735 | D:1      | Became a worshipper of Jiyva Jynwyxac the Shapeless
   735 | D:1      | Reached * piety under Jiyva
  1515 | D:2      | Reached XP level 3. HP: 31/31 MP: 3/3
  1734 | D:2      | You fall into a shaft and drop 1 floor!
  1808 | D:3      | Reached skill level 6 in Stealth
  1827 | D:3      | Killed from afar by an orc priest

Illustrated notes

Levels and vault maps discovered:
D:1:      heliophobic_arrival_enchanted_forest, layout_basic,
          hellmonk_ecumenical_altar_blasted
D:2:      layout_loops_ring
D:3:      layout_loops_ring, serial_forest, infiniplex_forest_straight_4,
          infiniplex_forest_clump_small, infiniplex_forest_clump_curved,
          infiniplex_forest_straight_4, infiniplex_forest_clump_medium,
          minmay_lizard_king

Skill      XL: |  1  2  3 |
---------------+----------+-----
Stealth        | 6 |  6.0
Fighting       | |  4.5
Short Blades   | |  2.6
Long Blades    | |  0.7
Axes           | |  0.7
Maces & Flails | |  0.7
Polearms       | |  2.6
Staves         | |  0.7
Slings         | |  0.7
Bows           | |  0.7
Crossbows      | |  0.7
Throwing       | |  0.7
Armour         | |  0.7
Dodging        | |  2.6
Shields        | |  0.7
Unarmed Combat | |  0.7
Spellcasting   | |  0.7
Conjurations   | |  0.5
Hexes          | |  0.5
Summonings     | |  0.5
Necromancy     | |  0.5
Translocations | |  0.5
Transmutations | |  0.5
Fire Magic     | |  0.5
Ice Magic      | |  0.5
Air Magic      | |  0.5
Earth Magic    | |  0.5
Poison Magic   | |  0.5
Invocations    | |  0.9
Evocations     | |  4.5

Action                   || total
-------------------------++-------
Melee: Spear             ||    95
       Bite              ||     9
Throw: Dart              ||     3
  Use: Scroll            ||     1
       Potion            ||     1
 Stab: Sleeping          ||     2
Armor: Leather armour    ||    19
       Robe              ||     1
       Scale mail        ||     2
Dodge: Dodged            ||    69
